 Dungeon Crawl Stone Soup version 0.31-b1-22-gc680215f68 (webtiles) character file.

Game seed: 5408145593796119827

177 BigPumpCobain the Cudgeller (level 5, -1/70 HPs)
             Began as a Minotaur Berserker on Jan 19, 2024.
             Was a Believer of Trog.
             Slain by a gnoll
             ... wielding a +0 halberd
              (10 damage)
             ... on level 3 of the Dungeon.
             The game lasted 00:02:09 (1455 turns).

BigPumpCobain the Cudgeller (Minotaur Berserker)    Turns: 1455, Time: 00:02:10

Health: -1/70      AC:  7    Str: 24    XL:     5   Next: 31%
Magic:  4/4        EV: 10    Int:  4    God:    Trog [**....]
Gold:   211        SH:  0    Dex:  9    Spells: 4/4 levels left

rFire   . . .        a - +0 mace
rCold   . . .        (no shield)
rNeg    . . .        n - +0 scale mail
rPois   .            (helmet restricted)
rElec   .            (no cloak)
rCorr   .            (no gloves)
SInv    .            (no boots)
Will    .....        (no amulet) Stlth
                     (no ring)
HPRegen 0.31/turn    (no ring)
MPRegen 0.09/turn

%: no passive effects
@: berserking, very quick
A: horns 2, retaliatory headbutt
a: Renounce Religion, Berserk, Trog's Hand


You were on level 3 of the Dungeon.
You worshipped Trog.
Trog was pleased with you.
You visited 1 branch of the dungeon, and saw 3 of its levels.

You collected 211 gold pieces.

Inventory:

Hand Weapons
 a - a +0 mace (weapon)
Armour
 n - a +0 scale mail (worn)
 o - a +0 cloak
Jewellery
 d - a ring of magical power
Wands
 m - a wand of flame (7)
Scrolls
 b - a scroll of enchant armour {unknown}
 e - a scroll of teleportation {unknown}
 f - 2 scrolls of identify {unknown}
 i - 2 scrolls of torment {unknown}
 k - a scroll of poison {unknown}
Potions
 c - a potion of berserk rage {unknown}
 g - 2 potions of curing {unknown}
 h - a potion of invisibility {unknown}
 j - a potion of degeneration {unknown}
 l - a potion of enlightenment {unknown}


   Skills:
 + Level 4.8 Fighting
 * Level 5.8 Maces & Flails
 + Level 3.9 Armour
 - Level 2.1 Dodging


You had 4 spell levels left.
You didn't know any spells.
Your spell library was empty.

Dungeon Overview and Level Annotations

Branches:
Dungeon (3/15)

Altars:

Shops:
D:1 *


Innate Abilities, Weirdness & Mutations

You have a pair of horns on your head.
You reflexively headbutt those who attack you in melee.


Message History

The gnoll closely misses you.
You closely miss the gnoll.
The gnoll is severely wounded.
The gnoll hits you from afar with a +0 halberd.
The gnoll hits you with a +0 club.
You hit the gnoll.
The gnoll is severely wounded.
The gnoll hits you from afar with a +0 halberd!
The gnoll hits you but does no damage.
The gnoll hits you from afar with a +0 halberd!
* * * LOW HITPOINT WARNING * * *
The gnoll hits you but does no damage.
You are too injured to fight recklessly!
You are too injured to fight recklessly!
You are too injured to fight recklessly!
You are too injured to fight recklessly!
You are too injured to fight recklessly!
You are too injured to fight recklessly!
You are too injured to fight recklessly!
You are too injured to fight recklessly!
You are too injured to fight recklessly!
You are too injured to fight recklessly!
You are too injured to fight recklessly!
You are too injured to fight recklessly!
You are too injured to fight recklessly!
You are too injured to fight recklessly!
You are too injured to fight recklessly!
You are too injured to fight recklessly!
You are too injured to fight recklessly!
You are too injured to fight recklessly!
You are too injured to fight recklessly!
You are too injured to fight recklessly!
You are too injured to fight recklessly!
You are too injured to fight recklessly!
You are too injured to fight recklessly!
You are too injured to fight recklessly!
A red film seems to cover your vision as you go berserk!
You feel yourself moving faster!
You feel mighty!
The gnoll hits you from afar with a +0 halberd!
You die...

#
###.)......####.##.#
#.
#......###..........
#.##.#...##
######.#.##
#.......## #.#.##
#......## #.....
#.##.#.# ###.## #
#...# #..... ###)#
####..... #@#
.......... #.....g#
...##....) ######g#
.. #..... #.# .
####.. ... #..† #.#
#..# #.# ####..# ..#
.....# ###..#


You could see 2 gnolls.

Vanquished Creatures
  A scorpion (D:3)
  Terence (D:2)
  Natasha (D:2)
  A gnoll (D:3)
  An adder (D:3)
  A dart slug (D:1)
  An orc (D:3)
  3 ball pythons (D:1)
  4 endoplasms
  3 giant cockroaches
  5 goblins
  5 hobgoblins
  A quokka (D:1)
  8 bats
  3 frilled lizards
  6 kobolds
  8 rats
53 creatures vanquished.

Notes
Turn   | Place    | Note
-------+----------+-------------------------------------------
     0 | D:1      | BigPumpCobain the Minotaur Berserker began the quest for
                  | the Orb.
     0 | D:1      | Reached XP level 1. HP: 19/19 MP: 0/0
    95 | D:1      | Reached skill level 4 in Maces & Flails
    99 | D:1      | Reached XP level 2. HP: 25/27 MP: 1/1
   123 | D:1      | Found Ylidiumo's General Store.
   334 | D:1      | Reached ** piety under Trog
   392 | D:1      | Reached XP level 3. HP: 33/33 MP: 2/2
   601 | D:2      | Noticed Terence
   606 | D:2      | Killed Terence
   632 | D:2      | Noticed Natasha
   639 | D:2      | Killed Natasha
   640 | D:2      | Reached skill level 5 in Maces & Flails
   640 | D:2      | Reached XP level 4. HP: 28/41 MP: 3/3
   987 | D:3      | Noticed a scorpion
   995 | D:3      | Killed a scorpion
   996 | D:3      | Reached XP level 5. HP: 22/47 MP: 4/4
  1455 | D:3      | Slain by a gnoll

Illustrated notes

Levels and vault maps discovered:
D:1:      psy_arrival_basics, layout_rooms, serial_shops,
          nicolae_shop_statue_plus, minmay_close_crescents
D:2:      layout_basic, uniq_natasha, uniq_terence
D:3:      layout_loops_cross, feat_on_display

Skill      XL: |  1  2  3 |
---------------+----------+-----
Maces & Flails | 4 5 |  5.8
Fighting       | 4 |  4.8
Armour         | 3 |  3.9
Dodging        | |  2.1

Action                     |  1- 3 |  4- 6 || total
---------------------------+-------+-------++-------
  Melee: Mace              |    66 |    41 ||   107
         Headbutt          |     9 |     7 ||    16
         Punch             |     1 |     1 ||     2
 Invoke: Berserk           |       |     1 ||     1
 Armour: Ring mail         |    56 |       ||    56
         Animal skin       |     2 |       ||     2
         Scale mail        |     3 |    37 ||    40
  Dodge: Dodged            |    50 |    17 ||    67
